 Dungeon Crawl Stone Soup version 0.29-a0-1009-g60c99734e7 (webtiles) character file.

Game seed: 8891828425644339382

1991 snetch the Protected (level 9, 0/117 HPs)
             Began as a Minotaur Berserker on Aug 8, 2022.
             Was an Elder of Trog.
             Slain by a two-headed ogre
             ... wielding a +0 giant spiked club
              (15 damage)
             ... on level 6 of the Dungeon.
             The game lasted 00:18:27 (6731 turns).

snetch the Protected (Minotaur Berserker)           Turns: 6731, Time: 00:18:28

Health: 0/117      AC: 10    Str: 26    XL:     9   Next: 1%
Magic:  8/8        EV: 11    Int:  4    God:    Trog [****..]
Gold:   301        SH:  0    Dex: 10    Spells: 8/8 levels left

rFire   . . .      SeeInvis .   a - +6 spear of Dominance {freeze, rPois rN+ rCorr}
rCold   . . .      Faith    .   (no shield)
rNeg    + . .      Spirit   .   w - +0 scale mail
rPois   +          Reflect  .   B - +0 hat
rElec   .          Harm     .   g - +0 cloak
rCorr   +          Rampage  .   (no gloves)
Will    .....                   L - +0 pair of boots
Stlth   ..........              (no amulet)
HPRegen 0.29/turn               (no ring)
MPRegen 0.11/turn               (no ring)

@: berserking, very quick
A: horns 2, retaliatory headbutt
a: Renounce Religion, Berserk, Trog's Hand, Brothers in Arms


You were on level 6 of the Dungeon.
You worshipped Trog.
Trog was greatly pleased with you.
You visited 1 branch of the dungeon, and saw 7 of its levels.
You also visited: Ossuary.

You collected 385 gold pieces.
You spent 84 gold pieces at shops.

Inventory:

Hand Weapons
 a - the +6 spear of Dominance (weapon) {freeze, rPois rN+ rCorr}
   (You found it on level 2 of the Dungeon)

   It freezes those it strikes, dealing additional cold damage.
   It can also slow down cold-blooded creatures.
   rPois:     It protects you from poison.
   rN:        It protects you from negative energy.
   rCorr:     It protects you from acid and corrosion.
 j - a +0 morningstar
 n - a +0 hand axe
 C - a +1 spear of venom
 E - a +2 spear of freezing
 G - a +0 demon trident
 K - a +2 dagger of venom
 P - a +0 dagger of flaming
Missiles
 m - 45 stones
 v - 3 boomerangs
 x - 12 poisoned darts (quivered)
 D - a throwing net
 I - a curare-tipped dart
 M - 2 atropa-tipped darts
Armour
 g - a +0 cloak (worn)
 w - a +0 scale mail (worn)
 B - a +0 hat (worn)
 F - the +0 hat of the Saviour {rElec rC- rN+ Int+3}
   (You found it on level 4 of the Dungeon)

   Int:       It affects your intelligence (+3).
   rC:        It makes you vulnerable to cold.
   rElec:     It insulates you from electricity.
   rN:        It protects you from negative energy.
 J - the +0 leather armour of Love and Death {*Slow Int+7}
   (You found it on level 6 of the Dungeon)

   Int:       It affects your intelligence (+7).
   *Slow:     It may slow you when you take damage.
 L - a +0 pair of boots (worn)
Wands
 N - a wand of mindburst (17)
Scrolls
 b - 3 scrolls of noise
 d - 4 scrolls of blinking {unknown}
 h - 2 scrolls of enchant weapon
 k - a scroll of torment
 o - 2 scrolls of fear {unknown}
 t - 2 scrolls of vulnerability {unknown}
 y - 4 scrolls of teleportation
 A - a scroll of summoning
 O - a scroll of butterflies {unknown}
 Q - a scroll of enchant armour {unknown}
Potions
 c - 3 potions of heal wounds
 e - 3 potions of brilliance {unknown}
 f - 3 potions of curing {unknown}
 i - 4 potions of attraction
 l - a potion of haste
 p - 4 potions of might
 q - 3 potions of degeneration {unknown}
 r - 4 potions of mutation
 s - a potion of flight
 u - a potion of invisibility
 z - a potion of berserk rage
 H - a potion of magic
 R - a potion of lignification {unknown}


   Skills:
 + Level 6.6 Fighting
 + Level 5.5(7.5) Axes
 + Level 7.6(8.5) Polearms
 + Level 1.1 Throwing
 + Level 8.0 Armour
 + Level 4.4 Dodging
 + Level 1.5 Stealth


You had 8 spell levels left.
You didn't know any spells.
Your spell library contained the following spells:

 Spells                   Type           Power      Damage    Failure   Level
 Freeze                   Ice            0%         1d3       75%         1
 Sublimation of Blood     Necr           0%         N/A       87%         2
 Frozen Ramparts          Ice            0%         1d1       98%         3
 Hailstorm                Conj/Ice       0%         3d3       100%        4
 Petrify                  Tmut/Erth      0%         N/A       100%        4
 Irradiate                Conj/Tmut      0%         3d11      100%        5


Dungeon Overview and Level Annotations

Branches:
Dungeon (7/15)            Ossuary (visited)
 Temple: D:4-7

Altars:
Elyvilon
Vehumet
Xom
Yredelemnul

Shops:
D:3 *   D:4 ?


Innate Abilities, Weirdness & Mutations

You have a pair of horns on your head.
You reflexively headbutt those who attack you in melee.


Message History

Your experience leads to an increase in your attributes!
Increase (S)trength, (I)ntelligence, or (D)exterity?
You feel stronger. x2
You hit the shadow imp. Your headbutt misses the shadow imp.
The shadow imp is heavily wounded.
The shadow imp closely misses you.
You closely miss the shadow imp. Your headbutt misses the shadow imp.
The shadow imp is heavily wounded.
You puncture the shadow imp!
You kill the shadow imp!
Trog accepts your kill.
No target in view!
You open the door.
There is an open door here.
You open the door.
A two-headed ogre comes into view.
It is wielding two +0 giant spiked clubs.
The two-headed ogre shouts in stereo!
A hound comes into view.
You throw a poisoned dart.
The poisoned dart hits the two-headed ogre.
The two-headed ogre is poisoned.
The hound barks!
You reach to attack!
You puncture the two-headed ogre! You freeze the two-headed ogre.
The two-headed ogre is moderately wounded.
The two-headed ogre attacks as you move away!
The two-headed ogre hits you with a +0 giant spiked club!! x2
You are too injured to fight recklessly!
Reach: a) +6 spear of Dominance {freeze, rPois rN+ rCorr}
Press: ? - help, Dir - move target, f/p - two-headed ogre
Aim: a two-headed ogre, wielding two +0 giant spiked clubs (moderately wounded, poisoned, about 18% to evade the +6 spear of Dominance)
You reach to attack!
You hit the two-headed ogre. You freeze the two-headed ogre.
The two-headed ogre is moderately wounded.
A red film seems to cover your vision as you go berserk!
You feel yourself moving faster!
You feel mighty!
The two-headed ogre hits you with a +0 giant spiked club!!
* * * LOW HITPOINT WARNING * * *
The two-headed ogre hits you with a +0 giant spiked club!
You die...

##### ###### ....# #+##....#
....# ....... ....# ..... ....#
... ... ....
....###########'######.. ...#
####...........hO....#..##...##
#............@....#........#
#.................#.......####
#.................#.......#...
#.................#.......#...
#.................#.......+...
#.................####....#...
################.....#....#...
#.......#.....'....#...
#.......#.....#....'...


You could see a two-headed ogre (poisoned) and a hound.

Vanquished Creatures
  A human (D:3)
  Menkaure (D:4)
  An ice beast (D:6)
  Duvessa (D:6)
  An ogre (D:5)
  2 phantoms
  A kobold brigand (D:6)
  Blork the orc (D:6)
  A necrophage (D:6)
  A bullfrog (D:4)
  A gnoll sergeant (D:4)
  3 scorpions
  Dowan (D:6)
  2 jellies (D:6)
  2 hounds
  An orc priest (D:6)
  4 iguanas
  4 orc wizards
  8 mummies (Ossuary)
  12 gnolls
  8 adders
  A shadow imp (D:6)
  An ufetubus (D:5)
  4 dart slugs
  14 orcs
  8 endoplasms
  6 giant cockroaches
  2 gnoll zombies (Ossuary)
  7 goblins
  6 hobgoblins
  3 jackals (D:1)
  9 kobolds
  3 quokkas
  7 ball pythons
  3 bats
  3 frilled lizards (D:2)
  A goblin skeleton (D:3)
  3 hobgoblin zombies (Ossuary)
  A kobold zombie (Ossuary)
  2 orc zombies (Ossuary)
  4 rats
145 creatures vanquished.

Notes
Turn   | Place    | Note
-------+----------+-------------------------------------------
     0 | D:1      | snetch the Minotaur Berserker began the quest for the Orb.
     0 | D:1      | Reached XP level 1. HP: 19/19 MP: 0/0
   165 | D:1      | Reached XP level 2. HP: 25/27 MP: 1/1
   628 | D:2      | Found a radiant altar of Vehumet.
  1155 | D:2      | Reached XP level 3. HP: 33/33 MP: 2/2
  1429 | D:2      | Identified the +6 spear of Dominance {freeze, rPois rN+
                  | rCorr}
  1491 | D:2      | Reached ** piety under Trog
  1492 | D:2      | Reached skill level 3 in Armour
  1564 | D:2      | You fall into a shaft and drop 2 floors!
  1603 | D:5      | Entered Level 5 of the Dungeon
  1608 | D:5      | Reached XP level 4. HP: 41/41 MP: 3/3
  1609 | D:5      | Noticed an ogre
  1618 | D:5      | Killed an ogre
  1619 | D:5      | Reached skill level 5 in Fighting
  1619 | D:5      | Reached XP level 5. HP: 6/48 MP: 4/4
  1643 | D:5      | Noticed a phantom
  1649 | D:5      | Killed a phantom
  1650 | D:5      | Reached skill level 5 in Axes
  1650 | D:5      | Reached skill level 1 in Polearms
  1670 | D:5      | Reached skill level 4 in Armour
  1670 | D:5      | Reached XP level 6. HP: 34/56 MP: 5/5
  1793 | D:5      | Found a radiant altar of Vehumet.
  1827 | D:5      | Found a sand-covered staircase.
  1832 | Ossuary  | Entered an ossuary
  2183 | D:5      | Reached XP level 7. HP: 49/61 MP: 6/6
  2189 | D:5      | Reached skill level 1 in Throwing
  2496 | D:3      | Found Bydetzof's Assorted Antiques.
  3074 | D:2      | Reached *** piety under Trog
  3122 | D:2      | Found a faded altar of an unknown god.
  3489 | D:3      | Reached skill level 5 in Armour
  3719 | D:3      | Found a runed translucent door.
  3719 | D:3      | Noticed a human
  3722 | D:3      | Found a basalt altar of Yredelemnul.
  3734 | D:3      | Killed a human
  3735 | D:3      | Reached skill level 5 in Polearms
  3916 | D:4      | Found a white marble altar of Elyvilon.
  3958 | D:4      | Reached skill level 1 in Stealth
  4067 | D:4      | Reached XP level 8. HP: 25/70 MP: 7/7
  4356 | D:4      | Identified the +0 hat of the Saviour {rElec rC- rN+ Int+3}
  4660 | D:4      | Found Moorgh's Magic Scroll Shop.
  4666 | D:4      | Bought a scroll of noise for 14 gold pieces
  4666 | D:4      | Bought a scroll of teleportation for 42 gold pieces
  4666 | D:4      | Bought a scroll of identify for 28 gold pieces
  4722 | D:4      | Noticed Menkaure
  4729 | D:4      | Killed Menkaure
  4730 | D:4      | Reached skill level 6 in Armour
  5206 | D:5      | Found a shimmering altar of Xom.
  5455 | D:6      | Noticed Duvessa
  5455 | D:6      | Noticed Dowan
  5463 | D:6      | Killed Duvessa
  5468 | D:6      | HP: 1/70 [Dowan/shard of ice (20)]
  5472 | D:6      | Killed Dowan
  5964 | D:6      | Reached skill level 7 in Armour
  6124 | D:6      | Identified the +0 leather armour of Love and Death {*Slow
                  | Int+7}
  6379 | D:6      | Noticed Blork the orc
  6391 | D:6      | Killed Blork the orc
  6667 | D:6      | Reached **** piety under Trog
  6680 | D:6      | Reached skill level 8 in Armour
  6680 | D:6      | Reached XP level 9. HP: 78/78 MP: 8/8
  6726 | D:6      | Noticed a two-headed ogre
  6731 | D:6      | Slain by a two-headed ogre

Illustrated notes

Levels and vault maps discovered:
D:1:      beargit_arrival_diablo_church, layout_basic
D:2:      layout_loops_corners, shapermc_ecumenical_altar_mp_vishouse,
          basic_altar, chequers_serial_rivers_micro_c,
          kennysheep_decorative_pillar, minmay_stone_trees_small,
          minmay_misc_feat_x, minmay_tetromino_i4
D:3:      layout_loops_ring, dk_yredelemnul_ordeal, serial_shops, shop,
          minmay_misc_feat_square
D:4:      minmay_wonky_spiral, layout_basic, elyvilon_altar_1, serial_shops,
          shop, uniq_menkaure
D:5:      layout_loops_corners, xom_teletrap_fun, nicolae_vehumet_radiance,
          enter_ossuary_2, grunt_ministairs_12, st_stairs_3
D:6:      layout_gridville, ebering_dispersal_statue_hall, uniq_duvessa,
          uniq_blork_the_orc
D:7:      layout_layer_cave, nicolae_ru_path_of_blood, lemuel_temple_firewalk_a,
          uniq_crazy_yiuf_cottage

Skill      XL: |  1  2  3  4  5  6  7  8 |
---------------+-------------------------+-----
Fighting       | 4 5 6 |  6.6
Axes           | 4 5 |  5.5
Armour         | 3 4 5 8 |  8.0
Dodging        | 3 4 |  4.4
Polearms       | 1 2 5 7 |  7.6
Throwing       | 1 |  1.1
Stealth        | 1 |  1.5

Action                   |  1- 3 |  4- 6 |  7- 9 || total
-------------------------+-------+-------+-------++-------
Melee: Hand axe          |    64 |       |       ||    64
       Headbutt          |    12 |    10 |    24 ||    46
       Spear             |     8 |    67 |   211 ||   286
       Punch             |       |       |     1 ||     1
Throw: Stone             |       |     6 |       ||     6
       Dart              |       |       |     3 ||     3
Invok: Trog's Hand       |       |     2 |     1 ||     3
       Berserk           |       |       |     2 ||     2
  Use: Scroll            |       |       |    10 ||    10
       Potion            |       |       |     1 ||     1
Armor: Leather armour    |     6 |       |       ||     6
       Animal skin       |     1 |       |       ||     1
       Ring mail         |     9 |     7 |     6 ||    22
       Scale mail        |       |       |    33 ||    33
Dodge: Dodged            |    37 |    20 |    51 ||   108

Table legend: (Time is in decaauts)
 A = Elapsed time spent in this place.
 B = Non-inter-level travel time spent in this place.
 C = Inter-level travel time spent in this place.
 D = Time resting spent in this place.
 E = Time spent auto-exploring this place.
 F = Levels seen in this place.
 G = Mean time per level.
                   A        B        C        D        E       F      G
               +--------+--------+--------+--------+--------+-----+--------+
         Total |   6693 |   6393 |    300 |      0 |   4812 |   8 |  836.6 |
       Dungeon |   6357 |   6057 |    300 |      0 |   4564 |   7 |  908.1 |
       Ossuary |    336 |    336 |      0 |      0 |    248 |   1 |  336.0 |
               +--------+--------+--------+--------+--------+-----+--------+

Top non-repeatable levels by time:
     D:5: 1375 daAuts
     D:1: 1117 daAuts
     D:4: 1099 daAuts
     D:2: 1054 daAuts
     D:3: 931 daAuts
     D:6: 759 daAuts
 Ossuary: 336 daAuts
     D:7: 18 daAuts
